[Event "Titled Tuesday Blitz October 18 Late 2022"]
[White "Darini, Pouria"]
[Black "Sailer, Mike"]
[WhiteFideId "12502200"]
[BlackFideId "2012901"]
[WhiteElo "2483"]
[BlackElo "2109"]
[Result "1-0"]
[Round "03"]
[TimeControl "180+1"]
[Date "2022.10.19"]
[WhiteClock "0:00:04"]
[BlackClock "0:00:12"]

1. e4 d5 2. exd5 Qxd5 3. Nc3 Qd6 4. d4 Nf6 5. Nf3 c6 6. Ne5 Nbd7 7. Bf4 Nd5 8. Nxd5 Qxd5 9. Qd3 Nxe5 10. Bxe5 f6 11. Bg3 Bf5 12. Qd2 Qe4+ 13. Kd1 O-O-O 14. Bd3 Qd5 15. Qf4 e5 16. Qxf5+ Kb8 17. dxe5 Qxg2 18. e6+ Ka8 19. Re1 Be7 20. Kd2 Rd5 21. Qe4 Qh3 22. Rad1 f5 23. Qe3 Bb4+ 24. c3 Bc5 25. Qe2 Qh6+ 26. f4 Re8 27. Kc2 Rd6 28. Bxf5 Qf6 29. Rxd6 Bxd6 30. Qd3 Bc7 31. Bxh7 a6 32. f5 Qh6 33. Bg6 Qg5 34. Bxc7 Rh8 35. Re2 Qf4 36. Bxf4 Re8 37. e7 Rxe7 38. Qd8+ 1-0


[Site "https://www.chess.com"]

[Event "Titled Tuesday Blitz October 18 Late 2022"]
[White "De Souza, Cristiano Gomes"]
[Black "Pasti, Aron"]
[WhiteFideId "2151758"]
[BlackFideId "785857"]
[WhiteElo "2068"]
[BlackElo "2250"]
[Result "0-1"]
[Round "03"]
[TimeControl "180+1"]
[Date "2022.10.19"]
[WhiteClock "0:01:02"]
[BlackClock "0:01:55"]

1. d4 Nf6 2. c4 e6 3. Nf3 d5 4. Nc3 dxc4 5. Bg5 a6 6. a4 c5 7. e4 cxd4 8. Nxd4 Bc5 9. Be3 Bb4 10. f3 Qc7 11. Be2 O-O 12. O-O Bd7 13. Qc2 Nc6 14. Na2 Bc5 15. Qxc4 Qb6 16. Rfd1 Rac8 17. a5 Nxa5 18. Qd3 Bb5 19. Qd2 Nb3 0-1


[Site "https://www.chess.com"]

[Event "Titled Tuesday Blitz October 18 Late 2022"]
[White "Deac, Bogdan-Daniel"]
[Black "miragha_yev"]
[WhiteFideId "1226380"]
[WhiteElo "2648"]
[BlackElo "2758"]
[Result "1-0"]
[Round "03"]
[TimeControl "180+1"]
[Date "2022.10.18"]
[WhiteClock "0:00:51"]
[BlackClock "0:00:39"]

1. d4 d5 2. c4 c6 3. Nf3 e6 4. Qc2 Nf6 5. Nbd2 Nbd7 6. g3 Be7 7. Bg2 O-O 8. O-O b6 9. e4 Bb7 10. e5 Ne8 11. cxd5 cxd5 12. Re1 Ba6 13. Nf1 Qc8 14. Qd1 Qc4 15. Ne3 Qd3 16. Bd2 Bb7 17. Bf1 Qg6 18. h4 f6 19. Bb5 Rd8 20. Ng2 Nc7 21. Nf4 Qf7 22. Bxd7 Rxd7 23. Rc1 f5 24. Qa4 b5 25. Qxa7 Na6 26. Ng5 Bxg5 27. hxg5 Rc8 28. Qxb7 Rxc1 29. Qa8+ 1-0


[Site "https://www.chess.com"]

[Event "Titled Tuesday Blitz October 18 Late 2022"]
[White "Decuigniere, Tom"]
[Black "Guzman Moneo, Alberto"]
[WhiteFideId "26093820"]
[BlackFideId "2209616"]
[WhiteElo "2223"]
[BlackElo "2157"]
[Result "0-1"]
[Round "03"]
[TimeControl "180+1"]
[Date "2022.10.19"]
[WhiteClock "0:00:03"]
[BlackClock "0:00:11"]

1. c4 e5 2. g3 f5 3. Bg2 Nf6 4. Nc3 Bb4 5. Nd5 Bc5 6. e3 c6 7. Nxf6+ Qxf6 8. Ne2 d6 9. d4 Bb6 10. O-O O-O 11. b4 Be6 12. c5 Bc7 13. Bb2 Bc4 14. Qc2 Bxe2 15. Qxe2 d5 16. dxe5 Bxe5 17. Bxe5 Qxe5 18. Rfd1 a5 19. b5 Nd7 20. Rac1 a4 21. Qd3 Ra5 22. bxc6 bxc6 23. Qd4 Rb8 24. h4 a3 25. Rb1 Rab5 26. Rxb5 Rxb5 27. Qa4 Qc7 28. Bxd5+ Kf8 29. Qa8+ Nb8 30. Be6 Ra5 31. Rd7 Qxd7 32. Qxb8+ Qe8 33. Qd6+ Qe7 34. Qb8+ Qe8 35. Qe5 Qe7 36. Qxf5+ Qf6 37. Qe4 Rxc5 38. Bb3 Re5 39. Qd4 Rf5 40. Qb4+ Ke8 41. Qb8+ Ke7 42. Qc7+ Ke8 43. Qc8+ Ke7 44. Qc7+ Ke8 45. Qc8+ Ke7 46. Qb7+ Kd6 47. Qb4+ Kc7 48. Qd2 Rc5 49. Kg2 Qd6 50. Qe2 Qe5 51. Qf3 Qf5 52. e4 Qxf3+ 53. Kxf3 Rc3+ 54. Kf4 Rxb3 0-1


[Site "https://www.chess.com"]

[Event "Titled Tuesday Blitz October 18 Late 2022"]
[White "Diaz Rosas, Julio Cesar"]
[Black "Wiebe, Isaac"]
[WhiteFideId "5105099"]
[BlackFideId "2623862"]
[WhiteElo "2246"]
[BlackElo "2234"]
[Result "0-1"]
[Round "03"]
[TimeControl "180+1"]
[Date "2022.10.19"]
[WhiteClock "0:00:05"]
[BlackClock "0:00:06"]

1. d4 Nf6 2. c4 e6 3. Nc3 d5 4. Nf3 Be7 5. Bf4 O-O 6. a3 c5 7. dxc5 Bxc5 8. e3 Nc6 9. b4 Bb6 10. c5 Bc7 11. Bxc7 Qxc7 12. Be2 a6 13. O-O Bd7 14. Rc1 Ne7 15. Qb3 Rfc8 16. Rfd1 Bc6 17. Na4 Bxa4 18. Qxa4 Ne4 19. Qb3 Nc6 20. Bd3 Nf6 21. Qb1 Ne5 22. Be2 Nxf3+ 23. Bxf3 Qe5 24. h3 h6 25. a4 Nd7 26. Rc2 Rc7 27. Rdc1 Rac8 28. Be2 Qf6 29. c6 Rxc6 30. Rxc6 Rxc6 31. Rxc6 bxc6 32. Bxa6 Qc3 33. Bf1 Qa3 34. a5 c5 35. bxc5 Nxc5 36. Qb5 Ne4 37. a6 Qa2 38. Be2 Qa1+ 39. Kh2 Nxf2 40. Qb8+ Kh7 41. a7 Qh1+ 42. Kg3 Ne4+ 43. Kh4 Qe1+ 44. Kg4 Qxe2+ 45. Kf4 Qf2+ 46. Ke5 Qf6# 0-1


[Site "https://www.chess.com"]

[Event "Titled Tuesday Blitz October 18 Late 2022"]
[White "Dilanyan, Grigor"]
[Black "Can, Melih Kaan"]
[WhiteFideId "13303570"]
[BlackFideId "6317383"]
[WhiteElo "2264"]
[BlackElo "2029"]
[Result "1-0"]
[Round "03"]
[TimeControl "180+1"]
[Date "2022.10.19"]
[WhiteClock "0:00:27"]
[BlackClock "0:00:03"]

1. d4 d5 2. c4 c6 3. Nf3 Nf6 4. Nc3 a6 5. cxd5 cxd5 6. Bf4 e6 7. e3 b5 8. Bd3 Bb7 9. O-O Be7 10. Rc1 Nbd7 11. a4 b4 12. Nb1 Rc8 13. Nbd2 O-O 14. Nb3 Nh5 15. Be5 Nxe5 16. Nxe5 Nf6 17. Qe2 a5 18. Bb5 Qb6 19. f4 Rxc1 20. Rxc1 Rc8 21. Rxc8+ Bxc8 22. Qc2 Bb7 23. f5 Ne4 24. fxe6 fxe6 25. Nd2 Nxd2 26. Qxd2 Qc7 27. Bd7 Bc8 28. Bb5 Bf6 29. Nd3 e5 30. dxe5 Bxe5 31. h3 h6 32. Ne1 Be6 33. Nf3 Bf6 34. Nd4 Bf7 35. Be2 Qe5 36. Bf3 Bg5 37. Kf2 Qh2 38. Nf5 Qe5 39. Nd4 Bh4+ 40. Kf1 Bg5 41. Ke2 Bg6 42. Nc6 Qg3 43. Qxd5+ Kh7 44. Ne7 Bxe7 45. Qxa5 Qd6 46. Qb5 Bf6 47. b3 Bc3 48. Qd5 Qxd5 49. Bxd5 Be5 50. e4 Be8 51. Kd3 1-0


[Site "https://www.chess.com"]

[Event "Titled Tuesday Blitz October 18 Late 2022"]
[White "Drost, Peter"]
[Black "Djokic, Mihailo"]
[WhiteFideId "1017896"]
[BlackFideId "976440"]
[WhiteElo "2409"]
[BlackElo "2315"]
[Result "0-1"]
[Round "03"]
[TimeControl "180+1"]
[Date "2022.10.19"]
[WhiteClock "0:00:02"]
[BlackClock "0:00:22"]

1. e4 c5 2. Nf3 d6 3. d4 cxd4 4. Nxd4 Nf6 5. Nc3 g6 6. Be3 Bg7 7. f3 O-O 8. Qd2 Nc6 9. O-O-O Bd7 10. h4 Rc8 11. h5 Nxh5 12. g4 Ng3 13. Rh2 Nxf1 14. Rxf1 Ne5 15. Qf2 Rxc3 16. bxc3 Qa5 17. Rxh7 Kxh7 18. Rh1+ Kg8 19. Qh2 f6 20. Qh7+ Kf7 21. Bh6 Rg8 22. Kd2 Kf8 23. Bxg7+ Rxg7 24. Qh8+ Rg8 25. Qh6+ Ke8 26. Rb1 b6 27. Qh7 Rf8 28. f4 Nxg4 29. Qxg6+ Kd8 30. f5 Ne5 31. Qg7 Rf7 32. Qg8+ Kc7 33. Ne6+ Kb7 34. Nd8+ Kc7 35. Ne6+ Kc6 36. Nd8+ Kc5 0-1


[Site "https://www.chess.com"]

[Event "Titled Tuesday Blitz October 18 Late 2022"]
[White "Eisa Mohmood, Alkhoori"]
[Black "Bordi, Kevin"]
[WhiteFideId "9316116"]
[BlackFideId "621862"]
[WhiteElo "1245"]
[BlackElo "2791"]
[Result "1-0"]
[Round "03"]
[TimeControl "180+1"]
[Date "2022.10.18"]
[WhiteClock "0:00:42"]
[BlackClock "0:00:37"]

1. e4 d5 2. exd5 Qxd5 3. Nc3 Qa5 4. d4 Nf6 5. Nf3 c6 6. Ne5 Be6 7. Bd3 Nbd7 8. f4 O-O-O 9. O-O Qb6 10. Ne2 g5 11. Kh1 gxf4 12. Bxf4 Nxe5 13. Bxe5 Rg8 14. c3 Ng4 15. Bg3 Ne3 16. Qd2 Nxf1 17. Rxf1 h5 18. b4 Bg7 19. Nf4 Bh6 20. Qf2 Bg4 21. Re1 e6 22. a4 a6 23. a5 Qa7 24. h3 Bf5 25. Bxf5 exf5 26. Nd3 f4 27. Bxf4 Bxf4 28. Qxf4 Rde8 29. Ne5 Re6 30. Qxf7 Rge8 31. Qd7+ Kb8 32. Rf1 R6e7 33. Qd6+ Ka8 34. Nd7 Qb8 35. Nxb8 1-0


[Site "https://www.chess.com"]

[Event "Titled Tuesday Blitz October 18 Late 2022"]
[White "Eisen, Zane"]
[Black "Bogaudinov, Rushan"]
[WhiteFideId "2098750"]
[BlackFideId "4129288"]
[WhiteElo "2033"]
[BlackElo "1945"]
[Result "0-1"]
[Round "03"]
[TimeControl "180+1"]
[Date "2022.10.19"]
[WhiteClock "0:00:56"]
[BlackClock "0:01:36"]

1. e4 c5 2. d4 cxd4 3. c3 d3 4. c4 Nf6 5. Nc3 Nc6 6. Bxd3 g6 7. Nf3 Bg7 8. Be3 O-O 9. O-O Ng4 10. Bd2 d6 11. h3 Nge5 12. Nxe5 Nxe5 13. Be2 b6 14. Rc1 Bb7 15. f3 e6 16. Qe1 d5 17. cxd5 exd5 18. Nxd5 Bxd5 19. exd5 Qxd5 20. Bc3 Rfe8 21. a3 Rad8 22. Qg3 h5 23. Rcd1 Qc5+ 24. Qf2 Qc7 25. Bb5 Rxd1 26. Rxd1 Rd8 27. Qe1 Qc5+ 28. Kh1 Rxd1 29. Qxd1 Qxb5 30. g4 hxg4 31. Qd8+ Kh7 32. Qh4+ Kg8 33. Qd8+ Bf8 34. Qf6 Qf1+ 35. Kh2 Qxh3+ 36. Kg1 Bc5+ 0-1


[Site "https://www.chess.com"]

[Event "Titled Tuesday Blitz October 18 Late 2022"]
[White "Erdogdu, Mert"]
[Black "Bortnyk, Olexandr"]
[WhiteFideId "6301495"]
[BlackFideId "14120828"]
[WhiteElo "2413"]
[BlackElo "2723"]
[Result "0-1"]
[Round "03"]
[TimeControl "180+1"]
[Date "2022.10.18"]
[WhiteClock "0:01:34"]
[BlackClock "0:01:22"]

1. e4 d6 2. d4 Nf6 3. Nc3 Nbd7 4. Nf3 e5 5. Bc4 Be7 6. a4 c6 7. O-O Qc7 8. Re1 h6 9. b3 Nf8 10. Ba3 Ng6 11. d5 O-O 12. Nd2 c5 13. Bf1 a6 14. Nc4 Bg4 15. f3 Bd7 16. a5 Nh7 17. Nb6 Rad8 18. b4 cxb4 19. Bxb4 f5 20. Nxd7 Qxd7 21. exf5 Qxf5 22. Bd3 Qf7 23. Ne4 Nf4 24. Bf1 Ng5 25. c4 Nxe4 26. Rxe4 Qg6 27. Ra2 Rf7 28. Qb3 Nh3+ 29. Kh1 Qxe4 30. Bd3 Qf4 31. gxh3 Qxf3+ 32. Kg1 e4 33. Be2 Qxb3 0-1


[Site "https://www.chess.com"]

[Event "Titled Tuesday Blitz October 18 Late 2022"]
[White "Erece, Ece Alkim"]
[Black "Yurtseven, Melih"]
[WhiteFideId "6346006"]
[BlackFideId "6312160"]
[WhiteElo "1667"]
[BlackElo "2218"]
[Result "0-1"]
[Round "03"]
[TimeControl "180+1"]
[Date "2022.10.19"]
[WhiteClock "0:00:16"]
[BlackClock "0:01:03"]

1. e4 c6 2. d4 d5 3. Nc3 dxe4 4. Nxe4 Nf6 5. Ng3 g6 6. Be2 Bg7 7. h4 h5 8. Nh3 Bxh3 9. Rxh3 Nbd7 10. Bg5 Qb6 11. Rb1 O-O-O 12. c3 e5 13. dxe5 Nxe5 14. Qb3 Neg4 15. Qxb6 axb6 16. Kf1 Rhe8 17. Re1 Rd7 18. Bxg4 Rxe1+ 19. Kxe1 Nxg4 20. Ne2 Ne5 21. Nc1 Nc4 22. Nd3 Rd6 23. Ke2 Re6+ 24. Be3 Bh6 25. f4 Bf8 26. Rf3 f5 27. b3 Nd6 28. Ne5 Ne4 29. Bxb6 Bd6 30. Rd3 Nf6 31. Kd1 Nd5 32. Bd4 Nxf4 33. Rd2 Bxe5 34. Bb6 Nd5 35. Ba5 Bxc3 36. Rxd5 cxd5 37. Bxc3 Re4 38. Kd2 Rxh4 39. Be5 Rg4 40. g3 Kd7 41. Ke3 Ke6 42. Bc7 Re4+ 43. Kf3 h4 44. gxh4 Rxh4 45. Bb8 Re4 46. Kf2 Kd7 47. Kf3 Kc6 48. Bg3 Kb5 49. Be1 g5 50. Bf2 g4+ 51. Kg3 Kb4 52. Bg1 Ka3 53. Bc5+ Kxa2 54. Bb4 Kxb3 55. Bc5 Kc4 56. Bf2 b5 57. Kh4 b4 58. Bg3 b3 59. Bf4 Rxf4 60. Kg5 Rf3 61. Kh4 b2 62. Kg5 b1=Q 63. Kf6 Qa1+ 64. Ke6 Re3+ 65. Kf7 Qa7+ 66. Kg6 Qb6+ 67. Kg5 Qd8+ 68. Kf4 Re4+ 69. Kg3 Qd6+ 70. Kh4 Qh6+ 71. Kg3 Re3+ 72. Kf2 Qf4+ 73. Kg2 Qg3+ 74. Kh1 Re1# 0-1


[Site "https://www.chess.com"]

[Event "Titled Tuesday Blitz October 18 Late 2022"]
[White "Ezat, Mohamed"]
[Black "Itkis, Boris"]
[WhiteFideId "10600906"]
[BlackFideId "1209167"]
[WhiteElo "2386"]
[BlackElo "2232"]
[Result "1-0"]
[Round "03"]
[TimeControl "180+1"]
[Date "2022.10.19"]
[WhiteClock "0:00:09"]
[BlackClock "0:00:03"]

1. d4 d5 2. c4 e6 3. Nc3 Nf6 4. cxd5 exd5 5. Bg5 c6 6. Qc2 Bd6 7. e3 O-O 8. Bd3 h6 9. Bh4 Re8 10. Nge2 Nbd7 11. Rb1 Nf8 12. b4 b5 13. Bg3 a5 14. a3 Ne6 15. O-O Bf8 16. Bh4 Ng5 17. Ng3 Nd7 18. Kh1 Be7 19. Nce2 Ra6 20. Nf5 Nf6 21. Nxe7+ Qxe7 22. Ng3 Bd7 23. Rfe1 axb4 24. axb4 Rea8 25. h3 Ra2 26. Rb2 Rxb2 27. Qxb2 Ra4 28. Rb1 Qd6 29. Bc2 Ra8 30. Bf5 Bxf5 31. Nxf5 Qe6 32. Qc2 Nfe4 33. Ng3 Nxg3+ 34. Bxg3 Ne4 35. Bh2 Qf5 36. Rb2 Ra1+ 37. Bg1 Rf1 38. Kh2 Qf6 39. f4 Qg6 40. g4 h5 41. Qg2 Re1 42. Rc2 hxg4 43. Qxg4 Qxg4 44. hxg4 Rb1 45. Rxc6 Rxb4 46. Rc8+ Kh7 47. Rd8 Rb2+ 48. Kh3 Rb1 49. Bh2 b4 50. Rxd5 b3 51. Rh5+ Kg8 52. Rb5 b2 53. g5 Nc3 54. Rb7 g6 55. d5 Na4 56. f5 Rd1 57. Be5 b1=Q 58. Rxb1 Rxb1 59. d6 gxf5 60. d7 Rd1 61. Bd4 1-0


[Site "https://www.chess.com"]

[Event "Titled Tuesday Blitz October 18 Late 2022"]
[White "Fawzy, Adham"]
[Black "Poliakova, Varvara"]
[WhiteFideId "10613129"]
[BlackFideId "13518313"]
[WhiteElo "2795"]
[BlackElo "2496"]
[Result "1-0"]
[Round "03"]
[TimeControl "180+1"]
[Date "2022.10.19"]
[WhiteClock "0:02:11"]
[BlackClock "0:02:34"]

1. e4 e5 2. Nf3 Nc6 3. Bc4 Bc5 4. O-O Nf6 5. d4 Bxd4 6. Nxd4 Nxd4 7. Bg5 Ne6 8. Bxe6 dxe6 9. Qxd8+ Kxd8 10. f4 exf4 11. Rxf4 e5 12. Rxf6 1-0


[Site "https://www.chess.com"]

[Event "Titled Tuesday Blitz October 18 Late 2022"]
[White "Fernandez De La Vara, Arnaldo"]
[Black "Mendez Fortes, Eduardo Jesus"]
[WhiteFideId "3518388"]
[BlackFideId "3502376"]
[WhiteElo "2387"]
[BlackElo "2307"]
[Result "1-0"]
[Round "03"]
[TimeControl "180+1"]
[Date "2022.10.19"]
[WhiteClock "0:00:04"]
[BlackClock "0:00:12"]

1. Nf3 d5 2. b3 Nf6 3. Bb2 e6 4. g3 c5 5. Bg2 Nc6 6. O-O d4 7. e3 Be7 8. Na3 O-O 9. Nc4 Re8 10. Re1 Bf8 11. exd4 cxd4 12. Nce5 Nxe5 13. Rxe5 Bd6 14. Bxd4 Bxe5 15. Bxe5 Bd7 16. Nd4 Nd5 17. c4 f6 18. Bd6 Bc8 19. c5 b6 20. b4 Bb7 21. Qb3 Qd7 22. Re1 Kh8 23. h4 a5 24. a3 axb4 25. axb4 Ra4 26. c6 Bxc6 27. Nxc6 Qxc6 28. b5 Qxd6 29. Qxa4 Rd8 30. Qc4 e5 31. d4 exd4 32. Bxd5 h6 33. Be4 d3 34. Rd1 d2 35. Bc2 Qe5 36. Qe4 Qxe4 37. Bxe4 Rd4 38. f3 Kg8 39. Kf2 Kf7 40. Ke3 Rb4 41. Bc6 Rb3+ 42. Ke2 Ke6 43. Rxd2 Ke5 44. Rd7 g5 45. h5 Rb2+ 46. Kf1 Rh2 47. g4 Kf4 48. Rf7 Ke3 49. Rxf6 Rf2+ 50. Kg1 Rb2 51. Rxh6 Rb1+ 52. Kg2 Rb2+ 53. Kg3 Rb1 54. Re6+ Kd4 55. h6 Rh1 56. Kg2 Rh4 57. Be4 Ke3 58. h7 Kf4 59. Re8 Ke3 60. h8=Q Rh2+ 61. Kxh2 Kf2 62. Qd4+ Kf1 63. Bd3# 1-0


[Site "https://www.chess.com"]

[Event "Titled Tuesday Blitz October 18 Late 2022"]
[White "Fernandez Siles, Luis"]
[Black "Al Hosani, Omran"]
[WhiteFideId "2209420"]
[BlackFideId "9308733"]
[WhiteElo "2186"]
[BlackElo "2167"]
[Result "0-1"]
[Round "03"]
[TimeControl "180+1"]
[Date "2022.10.19"]
[WhiteClock "0:00:14"]
[BlackClock "0:00:31"]

1. e4 e5 2. Nf3 Nc6 3. d4 exd4 4. Bc4 Nf6 5. O-O Nxe4 6. Nc3 Nd6 7. Nxd4 Nxc4 8. Nxc6 dxc6 9. Qe2+ Be6 10. f4 Bc5+ 11. Kh1 Qe7 12. Re1 Nd6 13. Qe5 Nf5 14. g4 Bd4 15. Qe2 Bxc3 16. bxc3 Nd6 17. Kg1 g6 18. f5 gxf5 19. Qe5 Rg8 20. Ba3 Rxg4+ 21. Kf2 Qh4+ 0-1


[Site "https://www.chess.com"]

[Event "Titled Tuesday Blitz October 18 Late 2022"]
[White "Firouzja, Alireza"]
[Black "Har-Zvi, Ronen"]
[WhiteFideId "12573981"]
[BlackFideId "2801485"]
[WhiteElo "2903"]
[BlackElo "2523"]
[Result "1-0"]
[Round "03"]
[TimeControl "180+1"]
[Date "2022.10.18"]
[WhiteClock "0:00:21"]
[BlackClock "0:00:02"]

1. d4 d5 2. Bg5 Nf6 3. e3 c5 4. Bxf6 gxf6 5. dxc5 e6 6. Nf3 Bxc5 7. c4 dxc4 8. Qc2 Nc6 9. Bxc4 Qe7 10. O-O Bd7 11. Nc3 O-O-O 12. Ne4 Bb6 13. a3 Kb8 14. b4 Ne5 15. Be2 Bc6 16. Nxe5 fxe5 17. b5 Bd5 18. Nc3 Rhg8 19. Nxd5 exd5 20. a4 e4 21. g3 f5 22. a5 Bc5 23. Rac1 Rc8 24. Qb3 d4 25. exd4 Bxd4 26. Qd5 Qe5 27. Qf7 Rxg3+ 28. Kh1 Rh3 29. Rxc8+ Kxc8 30. Rc1+ Bc3 31. Qg8+ Kc7 32. Qf7+ Kc8 33. Qg8+ Kc7 34. b6+ axb6 35. axb6+ Kxb6 36. Rb1+ Bb2 37. Qg2 Ra3 38. Qg1 Ra1 39. f4+ Qd4 40. Qxd4+ 1-0


[Site "https://www.chess.com"]

[Event "Titled Tuesday Blitz October 18 Late 2022"]
[White "Floresvillar Gonzalez, Luis Migu"]
[Black "Ismayil, Malak"]
[WhiteFideId "5100542"]
[BlackFideId "13412604"]
[WhiteElo "2040"]
[BlackElo "1879"]
[Result "0-1"]
[Round "03"]
[TimeControl "180+1"]
[Date "2022.10.19"]
[WhiteClock "0:00:55"]
[BlackClock "0:00:23"]

1. d4 Nf6 2. c3 g6 3. Nf3 Bg7 4. Bg5 O-O 5. Nbd2 d6 6. e4 Nc6 7. d5 Nb8 8. Be2 h6 9. Bf4 c6 10. dxc6 Nxc6 11. O-O Bg4 12. h3 Be6 13. Qc2 Rc8 14. Rad1 a6 15. Qb1 Qa5 16. Bc4 Bxc4 17. Nxc4 Qc5 18. Ne3 Nh5 19. Bh2 Rfd8 20. Nd5 e6 21. Nf4 Nxf4 22. Bxf4 d5 23. exd5 Rxd5 24. Be3 Qd6 25. Rxd5 Qxd5 26. Rd1 Qa5 27. a3 Rd8 28. Rxd8+ Qxd8 29. Qc1 Kh7 30. Qd2 Qc7 31. Bf4 e5 32. Bg3 Qe7 33. Qe3 f5 34. Qe2 e4 35. Nd2 Qf7 36. Bf4 g5 37. Be3 Ne5 38. Bd4 Qa2 39. Bxe5 Bxe5 40. Nc4 Qb1+ 41. Qf1 Bh2+ 0-1


[Site "https://www.chess.com"]

[Event "Titled Tuesday Blitz October 18 Late 2022"]
[White "Forgacs, Attila Jr."]
[Black "Khumalo, Keith"]
[WhiteFideId "773654"]
[BlackFideId "14319470"]
[WhiteElo "2168"]
[BlackElo "2056"]
[Result "0-1"]
[Round "03"]
[TimeControl "180+1"]
[Date "2022.10.19"]
[WhiteClock "0:00:04"]
[BlackClock "0:01:39"]

1. e4 c5 2. d3 Nc6 3. g3 g6 4. Bg2 Bg7 5. f4 d6 6. Nf3 Bg4 7. O-O Qd7 8. Nc3 h5 9. Be3 h4 10. Qd2 hxg3 11. hxg3 Nf6 12. e5 Nh5 13. exd6 exd6 14. Qf2 O-O-O 15. Nd5 Rde8 16. Rae1 Bh3 17. Ng5 Bxg2 18. Qxg2 Bxb2 19. c3 f6 20. Ne4 Rhf8 21. Qxb2 Kb8 22. Bf2 Rd8 23. Rb1 g5 24. f5 b6 25. Nxb6 axb6 26. Qxb6+ Ka8 27. Nxd6 Rb8 28. Qa6+ Na7 29. Bxc5 Nxg3 30. d4 Nxf1 31. Bxa7 Rxb1 32. Bc5+ Kb8 33. Qd3 Nd2+ 34. Kg2 Qc6+ 35. Kf2 Rf1+ 36. Ke2 Qg2+ 37. Ke3 Rf3# 0-1


[Site "https://www.chess.com"]

[Event "Titled Tuesday Blitz October 18 Late 2022"]
[White "Galchenko, Matvey"]
[Black "Kanakaris, Georgios"]
[WhiteFideId "24175480"]
[BlackFideId "4209460"]
[WhiteElo "2423"]
[BlackElo "2291"]
[Result "1-0"]
[Round "03"]
[TimeControl "180+1"]
[Date "2022.10.18"]
[WhiteClock "0:00:27"]
[BlackClock "0:00:10"]

1. f4 d5 2. Nf3 g6 3. g3 Bg7 4. Bg2 c5 5. O-O Nc6 6. d3 Nh6 7. e4 dxe4 8. dxe4 Qxd1 9. Rxd1 Bg4 10. c3 O-O 11. Be3 b6 12. e5 Rad8 13. Nbd2 Rd3 14. Re1 Rfd8 15. h3 Be6 16. Ng5 Nf5 17. Nxe6 fxe6 18. Nf1 Na5 19. Be4 R3d7 20. b3 g5 21. Re2 Rd1 22. Rxd1 Rxd1 23. Bxf5 exf5 24. fxg5 Bxe5 25. Bxc5 Bxg3 26. Bxe7 Nc6 27. Bf6 Kf7 28. Kg2 Bf4 29. Rf2 Bc1 30. Rxf5 Ke6 31. Rf3 Ne5 32. Rf2 Nd3 33. Re2+ Kf5 34. Ng3+ Kg6 35. Re7 Bxg5 36. Bxg5 Kxg5 37. Rxa7 Rd2+ 38. Kf3 Ne5+ 39. Ke4 Ng6 40. a4 Rg2 41. Nf5 Re2+ 42. Ne3 Nf4 43. Kf3 Re1 44. h4+ 1-0


[Site "https://www.chess.com"]

[Event "Titled Tuesday Blitz October 18 Late 2022"]
[White "Garrido, Denis"]
[Black "Pavlidou, Ekaterini"]
[WhiteFideId "601217"]
[BlackFideId "4213262"]
[WhiteElo "2220"]
[BlackElo "2125"]
[Result "0-1"]
[Round "03"]
[TimeControl "180+1"]
[Date "2022.10.19"]
[WhiteClock "0:00:06"]
[BlackClock "0:01:55"]

1. c4 e5 2. Nc3 g6 3. Nf3 Bg7 4. d4 d6 5. dxe5 dxe5 6. Qxd8+ Kxd8 7. h4 h6 8. Be3 c6 9. O-O-O+ Kc7 10. Bc5 Nd7 11. Bd6+ Kb6 12. h5 a5 13. hxg6 fxg6 14. Nh4 g5 15. Nf5 Bf8 16. c5+ Nxc5 17. Bxf8 Bxf5 18. Bxc5+ Kxc5 19. e4 Be6 20. Na4+ Kb4 21. Nb6 Ra6 22. a3+ Kb3 0-1


[Site "https://www.chess.com"]

[Event "Titled Tuesday Blitz October 18 Late 2022"]
[White "Georgiadis, Ioannis"]
[Black "Zeynalli, Rashad"]
[WhiteFideId "4208900"]
[BlackFideId "13403320"]
[WhiteElo "2446"]
[BlackElo "2125"]
[Result "1-0"]
[Round "03"]
[TimeControl "180+1"]
[Date "2022.10.18"]
[WhiteClock "0:00:06"]
[BlackClock "0:00:02"]

1. Nf3 Nf6 2. d4 d5 3. c4 e6 4. g3 Be7 5. Bg2 O-O 6. O-O dxc4 7. Qc2 b5 8. a4 b4 9. Qxc4 Ba6 10. Qc2 Nbd7 11. Rd1 c5 12. dxc5 Bxc5 13. Bg5 Rc8 14. Qd2 Bxf2+ 15. Kxf2 Ne4+ 16. Ke1 Nxd2 17. Bxd8 Nxf3+ 18. Bxf3 Rfxd8 19. Nd2 Ne5 20. Rac1 Kf8 21. Nb3 Rxd1+ 22. Kxd1 Nc4 23. Rb1 Ke7 24. Ke1 e5 25. Be4 Nd6 26. Bd5 Rc2 27. Nd2 f5 28. Bb3 Rc7 29. Nf3 Kf6 30. Rd1 Nc4 31. Bxc4 Bxc4 32. Rd6+ Be6 33. Ra6 g5 34. Nxg5 Kxg5 35. Rxe6 Rc2 36. Rxe5 Rxb2 37. Ra5 Ra2 38. Rxa7 b3 39. Rb7 b2 40. Kf2 Rxa4 41. Rxb2 h5 42. Rb8 f4 43. Rg8+ Kh6 44. Kf3 fxg3 45. hxg3 Ra3+ 46. Kf4 Kh7 47. Rg5 Kh6 48. Rb5 Ra4+ 49. e4 Kg6 50. Rb6+ Kf7 51. Rh6 Ra5 52. e5 Ra4+ 53. Kf5 Rg4 54. Rh7+ Kg8 55. Rxh5 Rxg3 56. Kf6 Rf3+ 57. Ke7 Ra3 58. Rg5+ Kh7 59. e6 Kh6 60. Rg1 Ra7+ 61. Kf8 Ra8+ 62. Kf7 Ra2 63. Rf1 1-0


[Site "https://www.chess.com"]

[Event "Titled Tuesday Blitz October 18 Late 2022"]
[White "Girel, Joseph"]
[Black "Andreikin, Dmitry"]
[WhiteFideId "36033561"]
[BlackFideId "4158814"]
[WhiteElo "2281"]
[BlackElo "2736"]
[Result "0-1"]
[Round "03"]
[TimeControl "180+1"]
[Date "2022.10.18"]
[WhiteClock "0:00:03"]
[BlackClock "0:00:08"]

1. d4 Nf6 2. c4 e6 3. Nf3 d5 4. Nc3 Nbd7 5. Bf4 dxc4 6. e3 a6 7. Bxc4 b5 8. Bd3 Bb7 9. O-O c5 10. dxc5 Nxc5 11. Be2 Be7 12. Nd4 b4 13. Na4 Nce4 14. Rc1 O-O 15. Bc7 Qd5 16. Nb6 Qg5 17. Nf3 Qg6 18. Nxa8 Bxa8 19. Qa4 Nd2 20. Nh4 Qg5 21. Rfd1 Qxh4 22. Rxd2 Ne4 23. Bg3 Qf6 24. Rdc2 h5 25. Bxh5 Nxg3 26. hxg3 Be4 27. Rd2 g6 28. Be2 Kg7 29. Rd4 Qe5 30. Bf3 Bxf3 31. gxf3 Rh8 32. Qc6 Qh5 33. f4 Bf6 34. Rd7 Bxb2 35. Rcd1 Bf6 36. Kf1 a5 37. Ke1 Bc3+ 38. Kf1 Qg4 39. Kg2 Qh3+ 40. Kg1 a4 41. Qb7 Qf5 42. Rc7 g5 43. Qf3 g4 44. Qg2 a3 45. e4 Qa5 46. Rdd7 b3 47. Rxf7+ Kg6 48. e5 Qd5 49. Rf6+ Kh5 50. Qxd5 exd5 51. axb3 a2 52. Ra6 a1=Q+ 53. Rxa1 Bxa1 54. Rd7 d4 55. f5 Kg5 56. f6 Kf5 57. f7 Ke6 58. Rxd4 Bxd4 0-1


[Site "https://www.chess.com"]

[Event "Titled Tuesday Blitz October 18 Late 2022"]
[White "Girsh, Daniel"]
[Black "Zhigalko, Sergei"]
[WhiteFideId "30949190"]
[BlackFideId "13502956"]
[WhiteElo "2504"]
[BlackElo "2850"]
[Result "0-1"]
[Round "03"]
[TimeControl "180+1"]
[Date "2022.10.19"]
[WhiteClock "0:00:01"]
[BlackClock "0:00:05"]

1. e4 c5 2. Nf3 Nc6 3. d4 cxd4 4. Nxd4 Nf6 5. Nc3 e5 6. Ndb5 d6 7. Bg5 a6 8. Na3 b5 9. Nd5 Be7 10. Bxf6 Bxf6 11. c3 Bg5 12. Nc2 Ne7 13. a4 bxa4 14. Rxa4 O-O 15. Be2 a5 16. O-O Bd7 17. Ra1 Nxd5 18. Qxd5 Be6 19. Qd3 Qb6 20. b4 axb4 21. cxb4 g6 22. Qb5 Qc7 23. Bd3 Qc3 24. Rxa8 Rxa8 25. Qb7 Rc8 26. Qa6 Qd2 27. Ne1 Qxb4 28. Nf3 Be7 29. h3 Rc3 30. Rb1 Rb3 31. Rc1 Kg7 32. Rc7 Bd8 33. Ra7 Bb6 34. Ng5 Bxa7 35. Nxe6+ fxe6 36. Qxa7+ Qb7 37. Qe3 Qc7 38. Qe2 Qc3 39. Ba6 Rb1+ 40. Kh2 Rb6 41. Qa2 Kf6 42. Qa4 Ke7 43. Be2 Qc7 44. Bg4 Rb8 45. Qa2 Qd7 46. Qa5 Rd8 47. Qb6 Kf7 48. Qe3 Kg7 49. Qg5 Rf8 50. f3 Qf7 51. g3 Qf6 52. Qd2 h5 53. Qxd6 hxg4 54. hxg4 Rf7 55. f4 exf4 56. e5 fxg3+ 57. Kh3 Qf1+ 58. Kxg3 Qf2+ 59. Kh3 Rf3# 0-1


[Site "https://www.chess.com"]